 Dungeon Crawl Stone Soup version 0.23.2 (webtiles) character file.

Game seed: 11469122191313410155

158 Borgoz the Sneak (level 5, -2/42 HPs)
             Began as a Ghoul Assassin on Apr 4, 2019.
             Slain by an orc
             ... wielding a cursed +0 morningstar
              (8 damage)
             ... on level 3 of the Dungeon.
             The game lasted 00:03:24 (1672 turns).

Borgoz the Sneak (Ghoul Assassin)                   Turns: 1672, Time: 00:03:25

Health: -2/42      AC:  3    Str: 20    XL:     5   Next: 40%
Magic:  4/4        EV: 12    Int:  6    God:
Gold:   102        SH:  0    Dex: 11    Spells: 4/4 levels left

rFire    . . .     SeeInvis .   a - +2 dagger
rCold    + . .     Gourm    .   (no shield)
rNeg     + + +     Faith    .   c - +0 robe
rPois    ∞         Spirit   .   (no helmet)
rElec    .         Reflect  .   d - +0 cloak
rCorr    .         Harm     .   (no gloves)
MR       .....                  (no boots)
Stlth    +++.......             (no amulet)
HPRegen  0.00/turn              (no ring)
MPRegen  0.09/turn              (no ring)

@: mighty, rotting
A: rotting body, claws 1, carnivore, cold resistance 1, negative energy
resistance 3, inhibited regeneration, torment resistance, unbreathing
a: no special abilities


You were on level 3 of the Dungeon.
You were not hungry.

You visited 1 branch of the dungeon, and saw 3 of its levels.

You collected 102 gold pieces.

Inventory:

Hand Weapons
 a - a +2 dagger (weapon)
 b - a +0 blowgun
Missiles
 e - 21 poisoned needles
 f - 2 curare-tipped needles
Armour
 c - a +0 robe (worn)
 d - a +0 cloak (worn)
Jewellery
 o - an uncursed ring of flight {unknown}
 p - an uncursed amulet of faith {unknown}
Scrolls
 i - a scroll of teleportation
 k - 2 scrolls of magic mapping
 l - a scroll of immolation {unknown}
 q - 2 scrolls of enchant weapon {unknown}
 r - a scroll of fog {unknown}
Potions
 h - a potion of flight
 m - 3 potions of curing
Comestibles
 g - 3 rations
 s - 9 chunks of flesh


   Skills:
 + Level 2.7 Fighting
 * Level 3.0 Short Blades
 - Level 1.7 Throwing
 * Level 2.0 Armour
 * Level 2.2 Dodging
 + Level 4.8 Stealth


You had 4 spell levels left.
You didn't know any spells.
Your spell library was empty.

Dungeon Overview and Level Annotations

Branches:
Dungeon (3/15)

Altars:
Nemelex Xobeh


Innate Abilities, Weirdness & Mutations

Your body is rotting away.
You thrive on raw meat.
You are immune to poison.
You have sharp fingernails.
You are carnivorous and can eat meat at any time.
Your flesh is cold resistant. (rC+)
You are immune to negative energy. (rN+++)
You do not regenerate when monsters are visible.
You are immune to unholy pain and torment.
You can survive without breathing.


Message History

You hit the orc.
The orc is heavily wounded.
The orc hits you with a +0 mace.
* * * LOW HITPOINT WARNING * * *
You hit the orc.
You kill the orc!
You puncture the orc!
You kill the orc!
Things that are here:
a +0 war axe; a +0 ring mail; an orc corpse You hit the orc.
The orc is almost dead.
The orc hits you with a cursed +0 morningstar.
* * * LOW HITPOINT WARNING * * *
You closely miss the orc.
The orc is almost dead.
You closely miss the orc.
The orc is almost dead.
The orc hits you with a cursed +0 morningstar!
You die...

#.......... ..# #........#
#.# ######..####..####.#
## ...............).... #.
..##†....^....##.# #.
#.##..........##.# ##.
#)##.............# #..
#<####.##.##..#.## ##..
#@# #.##.##......
##.>.#####o# #........#.##
#....o.....#######.###...#
#....o.o####.....##)#
###.# #..o...!..#
#.....##.# #.# ##.......##
#........# ... #.....?##
#.....#### ..# #.#....#
#....<# ..# #.##.#.#
####### ....


You could see an orc.

Vanquished Creatures
  An ice beast (D:2)
  3 oozes (D:1)
  A worm (D:2)
  3 dart slugs
  2 orcs (D:3)
  4 bats (D:1)
  2 giant cockroaches
  9 goblins
  4 hobgoblins
  2 quokkas (D:2)
  A ball python (D:1)
  4 frilled lizards
  6 kobolds
  8 rats
50 creatures vanquished.

Notes
Turn   | Place    | Note
-------+----------+-------------------------------------------
     0 | D:1      | Borgoz the Ghoul Assassin began the quest for the Orb.
     0 | D:1      | Reached XP level 1. HP: 17/17 MP: 0/0
    32 | D:1      | Reached skill level 1 in Dodging
    41 | D:1      | Reached XP level 2. HP: 20/24 MP: 1/1
   184 | D:1      | Reached skill level 1 in Armour
   488 | D:1      | Reached XP level 3. HP: 29/29 MP: 2/2
   921 | D:2      | Found a sparkling altar of Nemelex Xobeh.
   999 | D:2      | Found a faded altar of an unknown god.
  1221 | D:2      | Reached XP level 4. HP: 34/37 MP: 3/3
  1639 | D:3      | Noticed an ice beast
  1663 | D:2      | Killed an ice beast
  1663 | D:2      | Reached XP level 5. HP: 11/42 MP: 4/4
  1672 | D:3      | Slain by an orc

Skill      XL: |  1  2  3  4 |
---------------+-------------+-----
Dodging        | 1 2 |  2.2
Short Blades   | 2 3 |  3.0
Armour         | 1 2 |  2.0
Fighting       | |  2.7
Throwing       | |  1.7
Stealth        | |  4.8

Action                   |  1- 3 |  4- 6 || total
-------------------------+-------+-------++-------
Melee: Dagger            |    99 |    58 ||   157
  Use: Scroll            |     7 |     1 ||     8
       Potion            |       |     1 ||     1
 Stab: Sleeping          |     8 |     2 ||    10
  Eat: Chunk             |     4 |       ||     4
Armor: Robe              |    22 |     8 ||    30
Dodge: Dodged            |    70 |    25 ||    95
